Map: Acropolis LE

Players

Djorn - Winner!

  • Race: Protoss Protoss
  • Spawn Location: 11:00

A.I. 1 (Very Easy)

  • Race: Zerg Zerg
  • Spawn Location: 5:00

VOD

Have the link to the VOD?

Description

Time

  • Played on: Aug. 22, 2019, 11:07 p.m.
  • Length: 5:17
Show
View Real Time Build Order
Export as new Build Order

Djorn Protoss - Winner!

Build Orders:  

Get SALT Encoding   

  12  0:02  Probe  
  13  0:14  Probe  
  14  0:22  Pylon  
  14  0:27  Probe  
  15  0:43  Gateway, Probe  
  16  0:51  Probe  
  17  1:01  Probe  
  17  1:02  Assimilator  
  18  1:15  Pylon  
  18  1:17  Pylon  
  18  1:23  Probe  
  19  1:35  Cybernetics Core, Probe  
  20  1:47  Probe  
  20  1:49  Assimilator  
  20  1:53  Warp Gate  
  21  1:59  Probe  
  22  2:01  Gateway  
  22  2:02  Gateway  
  22  2:03  Zealot  
  24  2:11  Probe  
  25  2:24  Probe  
  26  2:42  Twilight Council  
  26  2:46  Gateway  
  26  2:53  Adept  
  28  3:17  Charge  
  28  3:22  Adept x2  
  32  3:44  Pylon  
  32  3:46  Pylon  
  32  3:51  Adept  
  32  3:52  Adept  
  36  4:16  Zealot  
  38  4:19  Zealot x3  
Show
View Real Time Build Order
Export as new Build Order

A.I. 1 (Very Easy) Zerg 

Build Orders: Pool Only 

Get SALT Encoding   

  12  0:00  Drone  
  13  0:12  Overlord  
  13  0:16  Drone  
  14  0:35  Spawning Pool  
  14  0:37  Extractor  
  14  0:39  Drone  
  13  0:46  Drone  
  14  0:52  Overlord  
  14  1:23  Zergling x2, Queen  
  17  1:32  Roach Warren  
  16  1:35  Drone  
  16  1:39  Extractor  
  16  1:41  Zergling x2  
  16  1:44  Drone  
  18  1:56  Drone  
  18  2:00  Zergling x2  
  20  2:07  Drone  
  21  2:18  Drone  
  22  2:29  Drone  
  23  2:30  Overlord  
  23  2:36  Drone  
  24  2:43  Drone  
  25  4:41  Zergling x2  
  23  4:53  Drone  
  15  5:00  Zergling x2  
  15  5:01  Drone  
Tags
 
Matchup
PvZ
Opening
Pool Only
Replay Pack
sc2replays
Spawn Locations
Cross Positions
Add a new tag
Caveats
  • Supply blocks, unpowered buildings, or Contaminate may cause inaccurate times.
  • Supply counts are checked every 10 seconds.